 Dungeon Crawl Stone Soup version 0.19.5 (webtiles) character file.

125 Gargoyl the Skirmisher (level 5, -5/46 HPs)
             Began as a Ghoul Abyssal Knight on Mar 3, 2017.
             Was a Believer of Lugonu.
             Killed from afar by Sigmund (11 damage)
             ... with a puff of flame
             ... on level 3 of the Dungeon.
             The game lasted 00:07:06 (2196 turns).

Gargoyl the Skirmisher (Ghoul Abyssal Knight)       Turns: 2196, Time: 00:07:06

Health: -5/46      AC:  6    Str: 16    XL:     5   Next: 9%
Magic:  6/6        EV: 10    Int:  7    God:    Lugonu [**....]
Gold:   88         SH:  0    Dex:  9    Spells: 0 memorised, 4 levels left

rFire  . . .     SeeInvis .     e - +0 glaive (flame)
rCold  + . .     Gourm    .     q - +0 ring mail
rNeg   + + +     Faith    .     (shield currently unavailable)
rPois  ∞         Spirit   .     (no helmet)
rElec  .         Reflect  .     (no cloak)
rCorr  .         Harm     .     k - +0 pair of gloves
MR     .....                    (no boots)
Stlth  ..........               (no amulet)
                                (no ring)
                                (no ring)

@: rotting
A: rotting body, claws 1, carnivore 3, cold resistance 1, negative energy
resistance 3, slow regeneration 1, torment resistance, unbreathing
a: Depart the Abyss, Bend Space, Renounce Religion


You were on level 3 of the Dungeon.
You worshipped Lugonu.
Lugonu was pleased with you.
You were not hungry.

You visited 1 branch of the dungeon, and saw 4 of its levels.
You visited the Abyss 1 time.

You collected 88 gold pieces.

Inventory:

Hand Weapons
 a - a +1 hand axe
 e - a +0 glaive of flaming (weapon)
Armour
 k - a +0 pair of gloves (worn)
 q - a +0 ring mail (worn)
Jewellery
 m - a cursed amulet of inaccuracy {unknown}
 o - a +2 ring of evasion {unknown}
Wands
 j - a wand of acid (4/15)
Scrolls
 b - a scroll of enchant weapon {unknown}
Potions
 d - a potion of cure mutation
 h - a potion of brilliance
Comestibles
 c - a meat ration
 f - 2 slices of pizza
 p - a beef jerky


   Skills:
 + Level 3.8 Fighting
 + Level 1.8(2.3) Axes
 + Level 2.0(2.3) Polearms
 * Level 2.8 Armour
 + Level 1.3 Dodging
 * Level 3.0 Invocations


You had 4 spell levels left.
You didn't know any spells.

Dungeon Overview and Level Annotations

Branches:
Dungeon (4/15)
 Temple: D:4-7

Altars:
Makhleb
Ru

Annotations:
D:3 Sigmund


Innate Abilities, Weirdness & Mutations

Your body is rotting away.
You thrive on raw meat.
You are immune to poison.
You have sharp fingernails.
You are carnivorous and can eat meat at any time.
Your flesh is cold resistant. (rC+)
You are immune to negative energy. (rN+++)
You regenerate slowly when monsters are visible.
You are immune to unholy pain and torment.
You can survive without breathing.


Message History

You hit Sigmund. You burn Sigmund.
Sigmund is severely wounded.
You feel less confused. Sigmund completely misses you.
You closely miss Sigmund.
Sigmund is severely wounded.
Sigmund hits you with a scythe!
* * * LOW HITPOINT WARNING * * *
You feel better.
Sigmund casts a spell.
Sigmund flickers and vanishes!
You barely miss something. Something hits you!
* * * LOW HITPOINT WARNING * * *
You feel better. Something hits you.
* * * LOW HITPOINT WARNING * * *
You closely miss something.
You hear some strange, mumbled words.
A puff of flame appears from out of thin air!
The puff of flame hits you!
You die...

#.........#####..#####...#
#......o..##....###.....>#
######.####..#####..##)..##
#[#....## ##.###....#
######.#.#### #..# #...##
.......#.## #.## #÷.##
..........#######.####).###
...................<÷.....#
.......##.####..@.####....#
........#.# #..{........##
. #######.#.#
#............# ... .#.#
##.........### ... .#.#
#.........# ..# .#.#
#.........### ##
#...........# #!........###
#.........#


There were no monsters in sight!

Vanquished Creatures
  4 gnolls (D:3)
  3 adders (D:2)
  2 worms (D:3)
  A dart slug (D:3)
  A leopard gecko (D:2)
  5 bats (D:2)
  2 giant cockroaches (D:2)
  6 goblins
  8 hobgoblins
  6 jackals (D:1)
  5 kobolds
  2 ball pythons
  A frilled lizard (D:1)
  3 rats
49 creatures vanquished.

Notes
Turn   | Place    | Note
-------+----------+-------------------------------------------
     0 | Abyss:1  | Gargoyl the Ghoul Abyssal Knight began the quest for the Orb.
     0 | Abyss:1  | Reached XP level 1. HP: 19/19 MP: 1/1
    50 | Abyss:2  | Noticed a large abomination
    61 | Abyss:2  | Noticed an apocalypse crab
    72 | Abyss:2  | Paralysed by you for 3 turns
    76 | Abyss:3  | Found a corrupted altar of Lugonu.
    86 | Abyss:3  | Noticed a wretched star
    86 | D:1      | Escaped the Abyss
   382 | D:1      | Reached XP level 2. HP: 8/26 MP: 2/2
   519 | D:1      | Reached * piety under Lugonu
   705 | D:1      | Reached XP level 3. HP: 30/31 MP: 3/3
   966 | D:2      | You fall through a shaft for 2 floors!
  1011 | D:2      | Reached skill level 1 in Dodging
  1115 | D:2      | Found a burning altar of Makhleb.
  1140 | D:2      | Reached skill level 1 in Polearms
  1270 | D:2      | Found a faded altar of an unknown god.
  1270 | D:2      | Found a faded altar of an unknown god.
  1275 | D:2      | Found a faded altar of an unknown god.
  1277 | D:2      | Found a sacrificial altar of Ru.
  1279 | D:2      | Found a faded altar of an unknown god.
  1573 | D:3      | Noticed Sigmund
  1579 | D:2      | Reached XP level 4. HP: 24/38 MP: 4/4
  1811 | D:3      | Reached ** piety under Lugonu
  1994 | D:2      | Reached XP level 5. HP: 26/46 MP: 6/6
  2196 | D:3      | Killed from afar by Sigmund

Skill      XL: |  1  2  3  4 |
---------------+-------------+-----
Armour         | 2 |  2.8
Dodging        | 1 |  1.3
Polearms       | 1 2 |  2.0
Invocations    | 3 |  3.0
Fighting       | |  3.8
Axes           | |  1.8

Action                   |  1- 3 |  4- 6 || total
-------------------------+-------+-------++-------
Melee: Glaive            |   122 |    68 ||   190
Invok: Depart the Abyss  |     1 |       ||     1
  Use: Scroll            |     5 |     1 ||     6
       Potion            |       |     5 ||     5
  Eat: Chunk             |    20 |    19 ||    39
Armor: Leather armour    |    44 |       ||    44
       Ring mail         |       |    63 ||    63
Dodge: Dodged            |   100 |    75 ||   175
